 Dungeon Crawl Stone Soup version 0.31-a0-216-g22e908daa7 (webtiles) character file.

Game seed: 9451450027710983693

95 qw the Shooter (level 4, -4/36 HPs)
             Began as a Minotaur Hexslinger on July 2, 2023.
             Killed from afar by an orc wizard (5 damage)
             ... with a magic dart
             ... on level 3 of the Dungeon.
             The game lasted 00:00:39 (1622 turns).

qw the Shooter (Minotaur Hexslinger)                Turns: 1622, Time: 00:00:40

Health: -4/36      AC:  5    Str: 12    XL:     4   Next: 40%
Magic:  4/4        EV: 11    Int: 10    God:
Gold:   86         SH:  0    Dex: 15    Spells: 4/5 levels left

rFire   . . .        Y - +0 orcbow
rCold   . . .        (shield currently unavailable)
rNeg    . . .        i - +0 ring mail
rPois   .            (helmet restricted)
rElec   .            (no cloak)
rCorr   .            (no gloves)
SInv    .            (no boots)
Will    .....        (no amulet)
Stlth   +            (no ring)
HPRegen 0.26/turn    (no ring)
MPRegen 0.09/turn

%: no passive effects
@: no status effects
A: horns 2, retaliatory headbutt
a: no special abilities


You were on level 3 of the Dungeon.
You visited 1 branch of the dungeon, and saw 3 of its levels.

You collected 86 gold pieces.


Innate Abilities, Weirdness & Mutations

You have a pair of horns on your head.
You reflexively headbutt those who attack you in melee.


   Skills:
 - Level 2.0 Fighting
 + Level 4.7 Ranged Weapons
 - Level 1.1 Armour
 - Level 2.1 Dodging
 - Level 1.0 Spellcasting
 - Level 2.0 Hexes


You had 4 spell levels left.
You knew the following spells:

 Your Spells              Type           Power      Damage    Failure   Level
a - Slow                  Hex            16%        N/A       34%         1

Your spell library contained the following spells:

 Spells                   Type           Power      Damage    Failure   Level
 Inner Flame              Hex/Fire       2%         N/A       83%         3
 Portal Projectile        Hex/Tloc       4%         N/A       83%         3
 Cause Fear               Hex            2%         N/A       98%         4

Inventory:

Hand Weapons
 Y - a +0 orcbow (weapon)
Armour
 i - a +0 ring mail (worn)
Potions
 a - a potion of brilliance {unknown}
 d - a potion of might
 f - a potion of magic {unknown}
 g - a potion of curing {unknown}
 h - a potion of enlightenment {unknown}

Dungeon Overview and Level Annotations

Branches:
Dungeon (3/15)

Altars:

Shops:
D:1 !


Message History

A magic dart appears from out of thin air!
The magic dart hits you.
You shoot an arrow. Something hits you. Something hits you but does no damage.
You shoot an arrow.
A jackal comes into view.
Something hits you but does no damage.
You shoot an arrow. The arrow closely misses the jackal.
You hear some strange, mumbled words.
You are confused.
Something hits you. The jackal bites you.
You hear some strange, mumbled words.
Something tries to affect you, but you resist.
The jackal barely misses you. The jackal closely misses you.
Something hits you but does no damage. The jackal closely misses you.
Something hits you but does no damage.
The jackal bites you but does no damage.
Something hits you. The jackal closely misses you.
You feel less confused. The jackal bites you.
You hear some strange, mumbled words.
Something tries to affect you, but you resist.
The jackal barely misses you.
You shoot an arrow. The arrow hits the jackal.
You kill the jackal!
You hear some strange, mumbled words.
A magic dart appears from out of thin air!
The magic dart hits you! Something hits you.
You shoot an arrow. Something hits you.
You shoot an arrow.
You hear some strange, mumbled words.
A magic dart appears from out of thin air!
The magic dart hits you. Something hits you but does no damage.
You shoot an arrow.
You hear some strange, mumbled words.
A magic dart appears from out of thin air!
The magic dart hits you.
You die...

. .. . ... ..
....### ...
#..... ....
#....#####.....
###...<.)).....#
?........@{).....
.....#.####.##.#.
....... ..
....... ...
.!..... ...
...#### #. ..


There were no monsters in sight!

Vanquished Creatures
  Terence (D:2)
  2 adders (D:2)
  A worm (D:2)
  2 dart slugs
  3 orcs (D:3)
  4 endoplasms
  2 giant cockroaches
  A goblin (D:1)
  4 hobgoblins
  A jackal (D:3)
  5 kobolds
  2 quokkas
  3 ball pythons
  4 bats
  5 frilled lizards
  7 rats
47 creatures vanquished.

Notes
Turn   | Place    | Note
-------+----------+-------------------------------------------
     0 | D:1      | qw the Minotaur Hexslinger began the quest for the Orb.
     0 | D:1      | Reached XP level 1. HP: 16/16 MP: 1/1
     0 | D:1      | 0 ||| qw: Version: 0.3-a-37-gdb0280a
     0 | D:1      | 0 ||| qw: Game counter: 7868
     0 | D:1      | 0 ||| qw: Melee chars always use a shield: true
     0 | D:1      | 0 ||| qw: God list: Okawaru
     0 | D:1      | 0 ||| qw: Allow faded altars: false
     0 | D:1      | 0 ||| qw: Do Orc after clearing Dungeon:15 true
     0 | D:1      | 0 ||| qw: Do second Lair branch before Depths: true
     0 | D:1      | 0 ||| qw: Lair rune preference: random
     0 | D:1      | 0 ||| qw: Goals: Normal
     0 | D:1      | 0 ||| PLANNING D:1-11
    36 | D:1      | Found Gabb's Distillery.
    47 | D:1      | 47 ||| SHOPLISTING potion of curing (30 gold, have 0).
    47 | D:1      | 47 ||| SHOPLISTING potion of enlightenment (50 gold, have
                  | 0).
    47 | D:1      | 47 ||| SHOPLISTING potion of experience (500 gold, have 0).
    47 | D:1      | 47 ||| SHOPLISTING potion of mutation (80 gold, have 0).
   148 | D:1      | Reached skill level 3 in Ranged Weapons
   148 | D:1      | Reached XP level 2. HP: 23/23 MP: 2/2
   671 | D:1      | 671 ||| UPGRADING to +0 leather armour.
   681 | D:1      | 681 ||| DROPPING +0 robe.
   682 | D:1      | 682 ||| UPGRADING to +0 ring mail.
   692 | D:1      | 692 ||| DROPPING +0 leather armour.
   693 | D:1      | 693 ||| READING scroll labelled URUC OLOTSIO.
   694 | D:1      | 694 ||| DRINKING 2 metallic yellow potions.
   695 | D:1      | 695 ||| DROPPING scroll of poison.
   716 | D:2      | 716 ||| STAIRDANCE
   735 | D:2      | Reached XP level 3. HP: 29/29 MP: 3/3
   870 | D:2      | Reached skill level 4 in Ranged Weapons
   872 | D:2      | Reached skill level 1 in Armour
   908 | D:2      | Noticed Terence
   916 | D:2      | Killed Terence
   917 | D:2      | Reached XP level 4. HP: 36/36 MP: 4/4
  1119 | D:2      | 1119 ||| SWAPPING to +0 orcbow.
  1120 | D:2      | 1120 ||| DROPPING +1 sling.
  1550 | D:2      | 1550 ||| READING scroll labelled INWYGI SOUNAEDGH.
  1551 | D:2      | 1551 ||| READING scroll labelled YFISOICZIO.
  1619 | D:3      | HP: 6/36 [something/magic dart (8)]
  1621 | D:3      | HP: 1/36 [something/magic dart (3)]
  1622 | D:3      | Killed from afar by an orc wizard

Levels and vault maps discovered:
D:1:      erik_arrival_orb_chamber, layout_basic, serial_aquarium,
          aquarium_bridge_square [aquarium_subvault_bridge,
          aquarium_subvault_bridge, aquarium_subvault_bridge,
          aquarium_subvault_wall], aquarium_window_fake, aquarium_window_fake,
          aquarium_window_1, aquarium_view_2e, aquarium_view_2c,
          aquarium_balcony_3a, aquarium_pool_side, serial_shops, shop,
          minmay_pentomino_x4
D:2:      layout_basic, uniq_terence
D:3:      layout_rooms, nicolae_qazlal_scattered_showers,
          gammafunk_ghost_gnarly_gnolls, st_stairs_14

Skill      XL: |  1  2  3 |
---------------+----------+-----
Ranged Weapons | 3 4 |  4.7
Fighting       | 2 |  2.0
Armour         | 1 |  1.1
Dodging        | |  2.1
Spellcasting   | |  1.0
Hexes          | |  2.0

Action                     |  1- 3 |  4- 6 || total
---------------------------+-------+-------++-------
   Fire: Sling             |    98 |    14 ||   112
         Orcbow            |       |    44 ||    44
    Use: Scroll            |     1 |     2 ||     3
         Potion            |     1 |       ||     1
 Armour: Robe              |     1 |       ||     1
         Ring mail         |     9 |    19 ||    28
  Dodge: Dodged            |    30 |    21 ||    51

Table legend:
 A = Non-vault XP
 B = Vault XP
 C = Vault XP percentage of total XP
 D = Non-vault monster count
 E = Vault monster count
 F = Vault count percentage of total count
                 A         B        C        D         E       F
            +---------+---------+-------+---------+---------+-------
      Total |      99 |      38 |  27.7 |      43 |       4 |   8.5
            +---------+---------+-------+---------+---------+-------
        D:1 |      31 |       6 |  16.2 |      20 |       3 |  13.0
        D:2 |      52 |      32 |  38.1 |      15 |       1 |   6.2
        D:3 |      16 |       0 |   0.0 |       8 |       0 |   0.0
            +---------+---------+-------+---------+---------+-------
